 Dungeon Crawl Stone Soup version 0.31-a0-1616-gbeaec30 (webtiles) character file.

Game seed: 15747832107160851206

196 PublicAnimeNo1 the Apothecary (level 5, 34/35 HPs)
             Began as a Demonspawn Alchemist on Jan 10, 2024.
             Was an Initiate of Gozag.
             Quit the game on level 3 of the Dungeon.
             The game lasted 00:05:12 (2651 turns).

PublicAnimeNo1 the Apothecary (DsAl)                Turns: 2651, Time: 00:05:12

Health: 34/35      AC:  3    Str:  9    XL:     5   Next: 46%
Magic:  2/8        EV: 11    Int: 17    God:    Gozag
Gold:   512        SH:  0    Dex: 13    Spells: 7/8 levels left

rFire   . . .        o - +0 dagger (flame)
rCold   . . .        (no shield)
rNeg    . . .        g - +0 leather armour
rPois   .            (helmet restricted)
rElec   .            (no cloak)
rCorr   .            (no gloves)
SInv    .            (no boots)
Will    .....        (no amulet)
Stlth   ++           (no ring)
HPRegen 0.25/turn    (no ring)
MPRegen 0.11/turn

%: no passive effects
@: gold aura
A: antennae 1, powered by pain 2
a: Renounce Religion, Potion Petition, Call Merchant, Bribe Branch


You were on level 3 of the Dungeon.
You worshipped Gozag.
Gozag was pleased with you.
You visited 1 branch of the dungeon, and saw 3 of its levels.

You collected 512 gold pieces.

Inventory:

Hand Weapons
 o - a +0 dagger of flaming (weapon)
Armour
 a - a +2 ring mail of fire resistance
 g - a +0 leather armour (worn)
Jewellery
 j - a ring of fire
 n - a ring of flight
Scrolls
 b - a scroll of vulnerability {unknown}
 c - 2 scrolls of identify {unknown}
 d - a scroll of butterflies {unknown}
 i - a scroll of fog {unknown}
 m - a scroll of teleportation {unknown}
Potions
 f - a potion of heal wounds {unknown}
 h - a potion of enlightenment {unknown}
 k - a potion of magic
 l - a potion of curing {unknown}


   Skills:
 - Level 1.7 Dodging
 - Level 1.7 Stealth
 - Level 2.0 Spellcasting
 - Level 1.0 Conjurations
 + Level 6.2 Alchemy


You had 7 spell levels left.
You knew the following spells:

 Your Spells              Type           Power      Damage    Failure   Level
a - Sting                 Conj/Alch      56%        1d6       6%          1

Your spell library contained the following spells:

 Spells                   Type           Power      Damage    Failure   Level
 Mercury Vapours          Alch/Air       24%        N/A       12%         2
 Olgreb's Toxic Radiance  Alch           23%        N/A       21%         4
 Necrotise                Necr           4%         1d4       26%         1
 Sandblast                Erth           2%         2d4       26%         1
 Mephitic Cloud           Conj/Alch/Air  9%         N/A       30%         3
 Stone Arrow              Conj/Erth      6%         3d7       54%         3
 Sticky Flame             Fire/Alch      12%        2d5       58%         4
 Passwall                 Erth           1%         N/A       63%         3
 Vampiric Draining        Necr           1%         2d6       63%         3
 Brom's Barrelling Bould  Conj/Erth      3%         2d3       91%         4
 Martyr's Knell           Necr/Summ      1%         N/A       95%         4
 Curse of Agony           Necr           1%         N/A       100%        5


Dungeon Overview and Level Annotations

Branches:
Dungeon (3/15)

Altars:
Gozag

Annotations:
D:3 1 runed translucent door, Crazy Yiuf


Innate Abilities, Weirdness & Mutations

You have a pair of small antennae on your head.
You sometimes gain power by taking damage.


Message History

The bombardier beetle bites you.
You completely miss the bombardier beetle.
The bombardier beetle is almost dead.
You kill the bombardier beetle!
You feel your intelligence returning.
A goblin comes into view. It is wielding a +0 dagger of flaming.
You see here 9 gold pieces.
The sting hits the goblin.
The goblin is poisoned.
You kill the goblin!
You now have 506 gold pieces (gained 9).
You now have 512 gold pieces (gained 6).
You see here a +0 dagger of flaming.
o - a +0 dagger of flaming Your +0 dagger of flaming bursts into flame!
o - a +0 dagger of flaming (weapon)
You drop a +0 dagger.
A scorpion comes into view.
The sting hits the scorpion but does no damage.
The scorpion is poisoned.
The scorpion stings you.
The sting misses the scorpion.
The scorpion barely misses you.
The sting hits the scorpion.
The scorpion looks even sicker.
The scorpion is moderately wounded.
The scorpion closely misses you.
The sting hits the scorpion but does no damage.
The scorpion looks even sicker.
The scorpion is heavily wounded.
The scorpion stings you.
The sting hits the scorpion but does no damage.
The scorpion looks as sick as possible!
The scorpion is almost dead.
You kill the scorpion!
You feel your dexterity returning.
Your Alchemy skill increases to level 6!
You have reached level 5!
You feel monstrous as your demonic heritage exerts itself.
Your demonic ancestry asserts itself...
A pair of antennae grows on your head!
Are you sure you want to abandon this character and quit the game? (Confirm with "yes".)
Okay, then.
Are you sure you want to abandon this character and quit the game? (Confirm with "yes".)

..#####.##.......##.
#.......##..........
##########.).....###
###...### #.....####
#.#.#.....
#.....#### ##.####
#@# #...$..#
#.#.##.# #.#.# # #
#.# #.# #.# ...


There were no monsters in sight!

Vanquished Creatures
  A scorpion (D:3)
  A bombardier beetle (D:3)
  3 adders
  A ribbon worm (D:2)
  2 dart slugs
  2 ball pythons
  6 endoplasms
  2 giant cockroaches (D:1)
  5 goblins
  6 hobgoblins
  5 jackals
  A quokka (D:2)
  4 bats
  4 frilled lizards
  A kobold (D:2)
  22 rats
66 creatures vanquished.

Notes
Turn   | Place    | Note
-------+----------+-------------------------------------------
     0 | D:1      | PublicAnimeNo1 the Demonspawn Alchemist began the quest for
                  | the Orb.
     0 | D:1      | Reached XP level 1. HP: 13/13 MP: 3/3
   230 | D:1      | Found a faded altar of an unknown god.
   337 | D:1      | Gained mutation: You sometimes gain a little power by
                  | taking damage. [demonic ancestry]
   337 | D:1      | Reached XP level 2. HP: 13/19 MP: 3/5
   424 | D:1      | Prayed at the altar of an unknown god.
   424 | D:1      | Became a worshipper of Gozag Ym Sagoz the Greedy
   549 | D:1      | Reached skill level 4 in Alchemy
   950 | D:2      | Reached XP level 3. HP: 23/24 MP: 0/6
  1783 | D:2      | Gained mutation: You sometimes gain power by taking damage.
                  | [demonic ancestry]
  1783 | D:2      | Reached XP level 4. HP: 30/30 MP: 7/7
  1796 | D:2      | Reached skill level 5 in Alchemy
  2516 | D:3      | Found a runed translucent door.
  2517 | D:3      | Noticed Crazy Yiuf
  2645 | D:3      | Noticed a scorpion
  2650 | D:3      | Killed a scorpion
  2651 | D:3      | Reached skill level 6 in Alchemy
  2651 | D:3      | Discovered your monstrous ancestry.
  2651 | D:3      | Gained mutation: You have a pair of small antennae on your
                  | head. [demonic ancestry]
  2651 | D:3      | Reached XP level 5. HP: 34/35 MP: 2/8
  2651 | D:3      | Quit the game

Illustrated notes

Levels and vault maps discovered:
D:1:      lightli_iron_boxes, layout_rooms,
          hellmonk_ecumenical_altar_pennies_from_heaven
D:2:      layout_basic, basic_altar, small_statue_intersection, minmay_rat_hole
D:3:      layout_loops_cross, serial_aquarium, aquarium_bridge_straight
          [aquarium_subvault_bridge, aquarium_subvault_wall,
          aquarium_subvault_bridge, aquarium_subvault_wall],
          aquarium_window_fake, aquarium_window_double, aquarium_view_2c,
          aquarium_pool_1, uniq_crazy_yiuf_cottage

Skill      XL: |  1  2  3  4 |
---------------+-------------+-----
Alchemy        | 4 6 |  6.2
Dodging        | |  1.7
Stealth        | |  1.7
Spellcasting   | |  2.0
Conjurations   | |  1.0

Action                     |  1- 3 |  4- 6 || total
---------------------------+-------+-------++-------
  Melee: Unarmed           |    30 |       ||    30
         Dagger            |    38 |    54 ||    92
   Cast: Sting             |    68 |    30 ||    98
    Use: Potion            |     2 |       ||     2
   Stab: Distracted        |     1 |       ||     1
 Armour: Robe              |    24 |       ||    24
         Leather armour    |    14 |    19 ||    33
  Dodge: Dodged            |    72 |    31 ||   103

Table legend: (Time is in decaauts)
 A = Elapsed time spent in this place.
 B = Non-inter-level travel time spent in this place.
 C = Inter-level travel time spent in this place.
 D = Time resting spent in this place.
 E = Time spent auto-exploring this place.
 F = Levels seen in this place.
 G = Mean time per level.
                   A        B        C        D        E       F      G
               +--------+--------+--------+--------+--------+-----+--------+
         Total |   2652 |   2578 |     74 |    354 |   1731 |   3 |  884.0 |
       Dungeon |   2652 |   2578 |     74 |    354 |   1731 |   3 |  884.0 |
               +--------+--------+--------+--------+--------+-----+--------+

Top non-repeatable levels by time:
     D:2: 1387 daAuts
     D:1: 906 daAuts
     D:3: 358 daAuts
